Unix xNetHack Version 8.0.0 - last build Mar 23 2024 02:42:02 (1964348d4f5f1cf1067ea9968e02252fcc83c468). Game began 2024-04-25 18:31:39, ended 2024-04-25 19:10:27. Okoto, lawful female human Valkyrie ---- ----- |..| --.|.-- ----- |..| |.....`| |...| --.| |......----...- ----- |.| -----...|...--.. ----|...---- |.| --...|.--- -----..--......| ---.| ----......-- |...........-- |^..-- --------..........| |....|.|.--..----- |....-- --.................-- ---.-|.|--|...--.-- --.....| -- |.......^...........----- ----.|---^......| |.....-- | |.. ----...................|-.-- ---..|-.........##---....-- |.......~-----...............|.>.---...-|....................| |..... |...---.............----......-----`..........####...-- |... ---..|.............-| |..........%<%..........####...-- -- --....-.......a.%%---....------------..|.....#|.....| --..........aa@......o.....| -----....###.|.)| --..............--........| --.....##---- |..--....|....----......-- --....# -------.---.`-- --.--.-- --..## --- --- --- -- ---- Okoto the Fighter St:15 Dx:15 Co:18 In:11 Wi:9 Ch:8 Lawful S:1918 Dlvl:6 $:20 HP:0(56) Pw:13(13) AC:6 Xp:6/412 T:2783 Latest messages: You swap places with the peaceful dwarf. Please move the cursor to an unknown object. (For instructions type a '?') The dwarf falls into a pit! The dwarf climbs out of the pit. You kill the gnome! The coyote misses! The coyote bites! You kill the gnome! The coyote bites! You pierce the coyote. The coyote bites! You kill the coyote! You kill the gnome! The gnome picks up a black gem. You kill the gnome! v - a black gem {1} (2 in total). You see here a coyote corpse. You see here a gnome corpse. You see here a white potion. K - a white potion {20}. You see here a pink spellbook. L - a pink spellbook {35}. You see here a cloth leash. M - a cloth leash {8}. You hear crashing rock. You hear crashing rock. You are carrying too much to get through. You hear crashing rock. The soldier ant bites! The soldier ant stings! The soldier ant bites! The soldier ant stings! You write in the dust with 2 white gems {2}. What do you want to write in the dust here? Elbereth The soldier ant turns to flee. The soldier ant bites! The soldier ant stings! The soldier ant bites! The soldier ant stings! The hobgoblin throws a dagger! You are hit by a dagger. The soldier ant bites! The soldier ant stings! You die... Do you want your possessions identified? [ynq] (y) y Do you want to see your attributes? [ynq] (y) y Do you want an account of creatures vanquished? [ynaq] (y) y Do you want to see your conduct and achievements? [ynq] (y) y Do you want to see the dungeon overview? [ynq] (y) y Inventory: Inventory: 826/875 weight (37/52 slots) Coins $ - 20 gold pieces {1} Weapons o - a +0 dart {1} b - a +0 dagger (alternate weapon; not wielded) {10} B - 4 +0 mithril daggers (at the ready) {24} H - a +0 elven dagger {10} a - a +1 spear (weapon in hand) {30} Armor k - an uncursed +1 orcish helm {30} C - an uncursed +0 orcish helm {30} F - an uncursed +0 orcish helm {30} i - an uncursed rusty +0 orcish helm (being worn) {23} D - an uncursed +0 bone orcish helm {9} t - a cursed +0 orcish helm {30} m - an uncursed +0 copper shield of reflection {47} c - a blessed +3 small shield (being worn) {23} G - an uncursed +0 orcish ring mail {250} Comestibles d - 3 uncursed food rations {60} u - an uncursed pancake {2} h - 2 uncursed lichen corpses {40} Scrolls g - a blessed scroll of blank paper {5} l - an uncursed scroll of create monster {5} s - an uncursed scroll of identify {5} z - an uncursed scroll of light {5} y - a cursed scroll of remove curse {5} j - an uncursed scroll of scare monster {5} Spellbooks L - an uncursed spellbook of healing {35} Potions K - an uncursed potion of fruit juice {20} q - an uncursed potion of water {20} Rings A - an uncursed ring of poison resistance {3} Tools I - an uncursed copper flute {14} E - a +0 mithril grappling hook {18} M - an uncursed cloth leash {8} f - an uncursed oil lamp {20} Gems/Stones w - an uncursed agate stone {1} r - 2 uncursed obsidian stones {2} v - 2 uncursed worthless pieces of black glass {2} p - a cursed worthless piece of blue glass {1} J - an uncursed worthless piece of violet glass {1} n - 2 uncursed worthless pieces of white glass {2} Okoto the Valkyrie's attributes: Background: You were a Fighter, a level 6 human Valkyrie. You were lawful, on a mission for Tyr who was opposed by Odin (neutral) and Loki (chaotic). You were heterosexual. You were in the Gnomish Mines, on level 6. You entered the dungeon 2783 turns ago. There was a full moon in effect when your adventure ended. You had 412 experience points, 228 more were needed to attain level 7. Your score was 1918 before end-of-game adjustments. Basics: You had 0 out of 56 hit points. You had all 13 energy points (spell power). Your armor class was 6. Your wallet contained 20 zorkmids. Autopickup was off. Final Characteristics: Your strength was 15 (limit:18/100). Your dexterity was 15 (limit:18). Your constitution was 18 (limit:18). Your intelligence was 11 (limit:18). Your wisdom was 9 (limit:18). Your charisma was 8 (limit:18). Final Status: You were not hungry. You were unencumbered. You were wielding a spear. You were skilled in spear. Final Attributes: You were piously aligned. You were cold resistant. You were stealthy. You were lucky. You are dead. Miscellaneous: You never encountered a bones level. Total elapsed playing time was 38 minutes and 46 seconds. Major events: Turn 1: Okoto the lawful human Valkyrie entered the dungeon 477: attained the rank of Skirmisher (level 3) 1595: entered the Gnomish Mines 2303: attained the rank of Fighter (level 6) 2783: killed by a soldier ant Vanquished creatures: a leprechaun an imp a Mordor orc a rock mole a shrieker 2 gnome leaders 2 giant ants a floating eye 3 hill orcs an iguana an acid blob a coyote a hobbit 2 manes a hobgoblin a giant rat a yellow mold 19 gnomes a garter snake a gnome zombie 5 geckos 3 jackals 3 foxes a kobold 3 goblins 2 sewer rats 2 grid bugs 6 lichens a kobold zombie 8 newts 77 creatures vanquished. No species were genocided or became extinct. Voluntary challenges: You read items or engraved 1 time. You never genocided any monsters. You never polymorphed an object. You never changed form. You never touched an artifact. You used no wishes. You were celibate. You never generated conflict. Achievements: You attained the rank of Skirmisher. You entered the Gnomish Mines. You attained the rank of Fighter. Dungeon overview: The Dungeons of Doom: levels 1 to 5 Level 1: A tree. Level 2: A fountain. Level 3: Level 4: A tree. Stairs down to The Gnomish Mines. Level 5: The Gnomish Mines: levels 5 to 6 Level 5: Level 6: <- You were here. Final resting place for you, killed by a soldier ant. Game over: __________ / \ / REST \ / IN \ / PEACE \ / \ | Okoto | | 20 Au | | killed by a | | soldier ant | | | | | | 2024 | *| * * * | * _________)/\\_//(\/(/\)/\//\/|_)_______ Farvel Okoto the Valkyrie... You died in The Gnomish Mines on dungeon level 6 with 1916 points, and 20 pieces of gold, after 2783 moves. You were level 6 with a maximum of 56 hit points when you died.